 Dungeon Crawl Stone Soup version 0.28.0-1-gb440e238dd (webtiles) character file.

Game seed: 7836781341154037352

16062 Sanktem7 the Fighter (level 12, -10/117 HPs)
             Began as a Minotaur Fighter on Feb 25, 2022.
             Was an Elder of Okawaru.
             Mangled by a boulder beetle (57 damage)
             ... on level 12 of the Dungeon on Feb 26, 2022.
             The game lasted 00:27:02 (15335 turns).

Sanktem7 the Fighter (Minotaur Fighter)            Turns: 15335, Time: 00:27:02

Health: -10/117    AC: 11    Str: 28    XL:     12   Next: 6%
Magic:  11/11      EV:  9    Int:  7    God:    Okawaru [****..]
Gold:   805        SH: 16    Dex: 11    Spells: 11/11 levels left

rFire   . . .      SeeInvis .   q - +7 club (spect) {mace}
rCold   + . .      Faith    .   L - +3 kite shield
rNeg    + . .      Spirit   .   l - +1 ring mail {rC+}
rPois   .          Reflect  +   (helmet restricted)
rElec   .          Harm     .   (no cloak)
rCorr   +          Rampage  .   B - +2 pair of gloves
Will    .....                   (no boots)
Stlth   +.........              c - amulet of Milue {Reflect *Slow Regen+ Str+3 Int+2 SH+5}
HPRegen 1.09/turn               h - ring of positive energy
MPRegen 0.12/turn               b - ring of resist corrosion

@: no status effects
A: horns 2, retaliatory headbutt
a: Renounce Religion, Heroism, Finesse


You were on level 12 of the Dungeon.
You worshipped Okawaru.
Okawaru was greatly pleased with you.
You visited 2 branches of the dungeon, and saw 13 of its levels.

You collected 805 gold pieces.


Innate Abilities, Weirdness & Mutations

You have a pair of horns on your head.
You reflexively headbutt those who attack you in melee.


   Skills:
 * Level 14.3 Fighting
 - Level 7.6(10.8) Axes
 * Level 12.0(12.9) Maces & Flails
 + Level 6.9 Throwing
 + Level 10.6 Armour
 - Level 3.6 Shields


You had 11 spell levels left.
You didn't know any spells.
Your spell library contained the following spells:

 Spells                   Type           Power      Damage    Failure   Level
 Magic Dart               Conj           0%         1d3       88%         1
 Ensorcelled Hibernation  Hex/Ice        0%         N/A       96%         2
 Searing Ray              Conj           0%         2d4       96%         2
 Sublimation of Blood     Necr           0%         N/A       96%         2
 Spider Form              Tmut/Pois      0%         N/A       99%         3
 Anguish                  Hex/Necr       0%         N/A       100%        4
 Fulminant Prism          Conj/Hex       0%         3d6       100%        4
 Petrify                  Tmut/Erth      0%         N/A       100%        4
 Irradiate                Conj/Tmut      0%         3d13      100%        5

Inventory:

Hand Weapons
 q - a +7 spectral club (weapon) {mace}
   (You took it off Jessica on level 2 of the Dungeon)
Missiles
 f - 4 javelins {throwing}
 g - 2 silver javelins {throwing}
 i - 39 stones {throwing}
 j - 6 atropa-tipped darts {throwing}
 m - 6 boomerangs (quivered) {throwing}
Armour
 l - a +1 ring mail of cold resistance (worn)
   (You found it on level 6 of the Dungeon)
 B - a +2 pair of gloves (worn)
   (You found it on level 5 of the Dungeon)
 L - a +3 kite shield (worn)
   (You took it off a gnoll sergeant on level 10 of the Dungeon)
Magical Staves
 r - a staff of cold {!astaff}
   (You took it off Fannar on level 12 of the Dungeon)
Jewellery
 b - a ring of resist corrosion (right hand)
   (You found it on level 8 of the Dungeon)
 c - the amulet of Milue (around neck) {Reflect *Slow Regen+ Str+3 Int+2 SH+5}
   (You acquired it on level 10 of the Dungeon)

   [amulet of reflection]

   It reflects blocked missile attacks.
   Str:       It affects your strength (+3).
   Int:       It affects your intelligence (+2).
   Regen:     It increases your rate of health regeneration.
   *Slow:     It may slow you when you take damage.
   SH:        It affects your SH (+5).
 h - a ring of positive energy (left hand)
   (You found it on level 1 of the Dungeon)
 z - a ring of ice
   (You took it off an orc on level 12 of the Dungeon)
 F - a ring of protection from cold
   (You found it on level 5 of the Dungeon)
 J - a ring of flight
   (You took it off a centaur on level 8 of the Dungeon)
Wands
 s - a wand of acid (6)
   (You found it on level 6 of the Dungeon)
 y - a wand of paralysis (3)
   (You found it on level 11 of the Dungeon)
 C - a wand of charming (5)
   (You found it on level 9 of the Dungeon)
 I - a wand of iceblast (15)
   (You found it on level 9 of the Dungeon)
 K - a wand of mindburst (24)
   (You found it on level 8 of the Dungeon)
Scrolls
 a - 2 scrolls of fog
 e - 5 scrolls of amnesia
 k - 2 scrolls of teleportation {@r4}
 u - a scroll of magic mapping {!r}
 x - 5 scrolls of identify {@r1}
 A - a scroll of blinking {!r}
 E - a scroll of summoning
Potions
 d - 2 potions of might
 n - 3 potions of flight
 o - 5 potions of haste {@q3}
 p - 10 potions of curing {@q1}
 t - 3 potions of brilliance
 v - 3 potions of degeneration {!q@e2}
 w - a potion of magic
 G - 2 potions of cancellation
 P - a potion of berserk rage {unknown}

Dungeon Overview and Level Annotations

Branches:
Dungeon (12/15)            Temple (1/1) D:7            Lair (0/6) D:10
    Orc (0/2) D:12

Altars:
Ashenzari
Cheibriados
Dithmenos
Elyvilon
Fedhas
Gozag
Hepliaklqana
Kikubaaqudgha
Makhleb
Nemelex Xobeh
Okawaru
Qazlal
Ru
Sif Muna
Trog
Uskayaw
Vehumet
Wu Jian
Xom
Yredelemnul
Zin
The Shining One
Beogh

Shops:
D:1 (   D:2 *   D:6 :

Annotations:
D:4 2 transporters

#..>.# .. # #....# _.>
#. #....# ....
#.######..(.#o....##
............8..⌠..#.
#°...)....B.....##
#°......#○8○....
#B...).)#.#.....
#@(.....#.# ####
######.......#####.#
.............))))..####
.......#####.#####...).
.......# #.# #....>
.......# #.# #.....
.......# #.# #.....
.......# #.# #.....
.....(. ... ........


You could see a boulder beetle (rolling) and a friendly +7 spectral club {mace}
(summoned).


Message History

You hit the boulder beetle but do no damage.
You headbutt the boulder beetle. 😮 HP[+1]
You hit the boulder beetle.
You headbutt the boulder beetle, but do no damage.
You block the boulder beetle's attack. 😮 HP[+1]
You hit the boulder beetle but do no damage.
You headbutt the boulder beetle, but do no damage.
You block the boulder beetle's attack. 😮 HP[+1]
You hit the boulder beetle. The boulder beetle bites you! 😮 HP[-8]
You take 8 damage, and now have 74/117 hp.
You thump the boulder beetle!
The boulder beetle closely misses you. 😮 HP[+1]
You hit the boulder beetle.
Your headbutt misses the boulder beetle.
The boulder beetle bites you! 😮 HP[-10]
You take 10 damage, and now have 65/117 hp.
You hit the boulder beetle.
You headbutt the boulder beetle, but do no damage.
You hit the boulder beetle.
You headbutt the boulder beetle, but do no damage.
The boulder beetle bites you!
* * * LOW HITPOINT WARNING * * *
😨 HP[-16]
You take 16 damage, and now have 49/117 hp.
You hit the boulder beetle but do no damage.
You headbutt the boulder beetle, but do no damage.
You block the boulder beetle's attack. 😨 HP[+1]
You hit the boulder beetle. The boulder beetle bites you!!
* * * LOW HITPOINT WARNING * * *
😨 HP[-17]
You take 17 damage, and now have 33/117 hp.
You hit the boulder beetle but do no damage.
You headbutt the boulder beetle.
You block the boulder beetle's attack. 😨 HP[+1]
You hit the boulder beetle but do no damage.
You headbutt the boulder beetle!
You block the boulder beetle's attack. 😨 HP[+1]
You hit the boulder beetle but do no damage. 😨 HP[+1]
You hit the boulder beetle but do no damage.
You headbutt the boulder beetle, but do no damage.
The boulder beetle leaps! 😨 HP[+1]
The boulder beetle leaps!
Items here: )))))))) [[[[[[ †††††. 😨 HP[+1]
You start resting.
A boulder beetle is nearby! 😨 HP[+1]
The boulder beetle leaps!
p - 10 potions of curing {@q1} (gained 1)
Items here: )))))))) [[[[ ÷ ††. 😨 HP[+2]
You regained 2 hp, and now have 41/117 hp.
Items here: ))) [[ †. 😨 HP[+1]
The boulder beetle leaps! 😨 HP[+1]
You start resting.
A boulder beetle is nearby! 😨 HP[+2]
You regained 2 hp, and now have 45/117 hp. 😨 HP[+1] 😨 HP[+2]
You regained 2 hp, and now have 48/117 hp.
The boulder beetle curls into a ball and begins rolling! 😨 HP[+1]
You block the boulder beetle's attack.
The boulder beetle stops rolling and uncurls. 😨 HP[+1]
You hit the boulder beetle.
Your headbutt misses the boulder beetle.
Your +7 spectral club {mace} hits the boulder beetle but does no damage.
The boulder beetle bites your +7 spectral club {mace}!!
Your spectral weapon shares its damage with you!
Your +7 spectral club {mace} fades away.
* * * LOW HITPOINT WARNING * * *
😨 HP[-9]
You take 9 damage, and now have 41/117 hp.
You catch the helpless boulder beetle completely off-guard!
You hit the boulder beetle but do no damage.
Your +7 spectral club {mace} hits the boulder beetle but does no damage.
The boulder beetle leaps! 😨 HP[+1]
The boulder beetle leaps! 😨 HP[+1]
The boulder beetle curls into a ball and begins rolling! 😨 HP[+1] 😨 HP[+1] 😨 HP[+1]
You barely miss the boulder beetle.
Your +7 spectral club {mace} hits the boulder beetle!
The boulder beetle hits you!!!
You die...

Skill      XL: |  1  2  3  4  5  6  7  8  9 10 11 12 |
---------------+-------------------------------------+-----
Fighting       | 4 5 6 7 9 11 12 14 | 14.3
Axes           | 3 4 5 6 7 |  7.6
Armour         | 4 5 6 7 8 9 10 | 10.6
Maces & Flails | 4 7 9 11 12 | 12.0
Throwing       | 2 4 5 6 |  6.9
Shields        | |  3.6

Action                   |  1- 3 |  4- 6 |  7- 9 | 10-12 || total
-------------------------+-------+-------+-------+-------++-------
Melee: War axe           |    42 |    42 |       |       ||    84
       Headbutt          |     4 |    12 |    35 |   135 ||   186
       Club              |       |    83 |   234 |   562 ||   879
Throw: Boomerang         |       |       |       |    19 ||    19
Evoke: Wand              |       |       |       |     1 ||     1
  Use: Scroll            |       |       |    14 |     7 ||    21
       Potion            |       |       |     4 |       ||     4
 Stab: Distracted        |       |       |     1 |     3 ||     4
Armor: Scale mail        |    22 |    69 |    23 |       ||   114
       Ring mail         |       |       |    68 |   173 ||   241
Dodge: Dodged            |    23 |    69 |   120 |   190 ||   402
Block: Buckler           |    15 |    28 |    36 |    50 ||   129
       Kite shield       |       |       |       |   199 ||   199
       Reflection        |       |       |       |     4 ||     4

Levels and vault maps discovered:
D:1:      elethiomel_arrival_maze, layout_basic, serial_shops, shop_statue,
          chequers_serial_rivers_small_a
D:2:      layout_basic, serial_shops, shop, kennysheep_generic_room_7,
          uniq_natasha, uniq_robin, uniq_jessica
D:3:      layout_loops_cross, dancing_weapons_uskayaw, serial_bayou,
          serial_bayou_shore_a, serial_bayou_pond_b, serial_bayou_pond_b,
          serial_bayou_pond_e, serial_bayou_pond_d, kennysheep_generic_room_16,
          uniq_grinder
D:4:      gammafunk_steamed_eel, layout_basic, uniq_blork_the_orc
D:5:      layout_rooms, chei_slow_surprise, kennysheep_generic_room_9
D:6:      layout_basic, nicolae_inconvenience_store, kennysheep_generic_room_15,
          uniq_prince_ribbit1
D:7:      layout_rooms, minmay_temple_entry_poolview, minmay_nine_imps
D:8:      layout_loops_ring, makhleb_blood_cavern_becter, special_room
          [special_room_orc], serial_bayou, serial_bayou_pond_c,
          serial_bayou_pond_d, serial_bayou_lake_a, serial_bayou_pond_e,
          serial_bayou_shore_b, minmay_misc_feat_nine_boxes,
          chequers_serial_rivers_room_a
D:9:      layout_loops_ring, guppyfry_early_elven_hall, uniq_erica
D:10:     layout_small_grid, minmay_lair_entry_grove, serial_bayou_crossing
D:11:     layout_long_grid, small_chamber_with_monster
D:12:     layout_small_grid, david_orc_5, uniq_fannar
Temple:   mainiacjoe_temple_bowtie_tessellation

Notes
Turn   | Place    | Note
-------+----------+-------------------------------------------
     0 | D:1      | Sanktem7 the Minotaur Fighter began the quest for the Orb.
     0 | D:1      | Reached XP level 1. HP: 19/19 MP: 0/0
     0 | D:1      | magus.rc [v1.9.6]
   436 | D:1      | Found Jedazur's Weapon Boutique.
   495 | D:1      | magus.rc [v1.9.6]
   746 | D:2      | Reached XP level 2. HP: 25/27 MP: 1/1
   748 | D:2      | Reached skill level 4 in Fighting
   755 | D:2      | Noticed Robin
   759 | D:2      | Reached skill level 3 in Axes
   763 | D:2      | Killed Robin
   804 | D:2      | Reached skill level 4 in Armour
   804 | D:2      | Reached XP level 3. HP: 28/33 MP: 2/2
  1010 | D:2      | Noticed Natasha
  1017 | D:2      | Killed Natasha
  1156 | D:2      | Noticed Natasha
  1161 | D:2      | Killed Natasha
  1162 | D:2      | Reached skill level 4 in Axes
  1162 | D:2      | Reached XP level 4. HP: 40/41 MP: 3/3
  1298 | D:2      | Noticed Natasha
  1302 | D:2      | Killed Natasha
  1303 | D:2      | Reached skill level 5 in Fighting
  1568 | D:2      | Found Zotor's Assorted Antiques.
  1587 | D:2      | Noticed Jessica
  1595 | D:2      | Killed Jessica
  1596 | D:2      | Reached XP level 5. HP: 26/48 MP: 4/4
  2365 | D:3      | Noticed a +0 dagger
  2365 | D:3      | Noticed a +0 hand axe
  2393 | D:3      | Noticed Grinder
  2408 | D:3      | Paralysed by Grinder for 7 turns
  2418 | D:3      | Killed Grinder
  2419 | D:3      | Reached skill level 6 in Fighting
  2419 | D:3      | Reached skill level 5 in Axes
  2419 | D:3      | Reached skill level 5 in Armour
  2419 | D:3      | Reached XP level 6. HP: 27/57 MP: 5/5
  2622 | D:3      | Found a hide-covered altar of Uskayaw.
  3399 | D:4      | Found a transporter.
  3755 | D:4      | Reached skill level 6 in Axes
  3864 | D:4      | Reached XP level 7. HP: 55/64 MP: 2/6
  3937 | D:4      | Noticed Blork the orc
  3943 | D:4      | Killed Blork the orc
  3944 | D:4      | Found a transporter.
  3948 | D:4      | Reached skill level 7 in Fighting
  4177 | D:5      | Entered Level 5 of the Dungeon
  4362 | D:5      | Reached skill level 7 in Axes
  4448 | D:5      | Reached skill level 6 in Armour
  4623 | D:5      | Reached XP level 8. HP: 69/74 MP: 7/7
  4632 | D:5      | HP: 17/74 [poisoned by an orc wizard]
  4637 | D:5      | HP: 12/74 [poisoned by an orc wizard]
  5062 | D:5      | Found a snail-covered altar of Cheibriados.
  5198 | D:5      | Reached skill level 8 in Fighting
  5376 | D:6      | Reached skill level 1 in Maces & Flails
  5494 | D:6      | Reached skill level 2 in Maces & Flails
  5494 | D:6      | Reached skill level 1 in Throwing
  5690 | D:6      | Found Icusheuz's Book Boutique.
  5704 | D:6      | Noticed Prince Ribbit
  5712 | D:6      | Killed Prince Ribbit
  5713 | D:6      | Reached skill level 3 in Maces & Flails
  5878 | D:6      | Reached skill level 9 in Fighting
  5903 | D:6      | Reached skill level 2 in Throwing
  5921 | D:6      | Reached skill level 4 in Maces & Flails
  5921 | D:6      | Reached skill level 7 in Armour
  6224 | D:6      | Reached XP level 9. HP: 80/84 MP: 8/8
  6408 | D:6      | Reached skill level 5 in Maces & Flails
  6739 | D:6      | Reached skill level 3 in Throwing
  6987 | D:7      | Reached skill level 10 in Fighting
  7364 | D:7      | Reached skill level 6 in Maces & Flails
  7472 | D:7      | You fall into a shaft and drop 2 floors!
  7655 | D:9      | You pick up a book of Dreams and begin reading...
  7655 | D:9      | You add the spells Ensorcelled Hibernation, Spider Form and
                  | Anguish to your library.
  7690 | D:9      | Noticed a deep elf zephyrmancer
  7693 | D:9      | Killed a deep elf zephyrmancer
  7694 | D:9      | Reached skill level 8 in Armour
  7775 | D:9      | Reached skill level 7 in Maces & Flails
  7859 | D:9      | Reached skill level 11 in Fighting
  7859 | D:9      | Reached skill level 4 in Throwing
  7900 | D:9      | Reached XP level 10. HP: 68/95 MP: 6/9
  8289 | D:9      | Noticed Erica
  8297 | D:9      | Killed Erica
  8298 | D:9      | Reached skill level 8 in Maces & Flails
  8999 | D:8      | Found a burning altar of Makhleb.
 10769 | D:7      | Noticed a five-headed hydra
 10779 | D:7      | Killed a five-headed hydra
 10780 | D:7      | Reached skill level 12 in Fighting
 10780 | D:7      | Reached skill level 9 in Maces & Flails
 10780 | D:7      | Reached skill level 5 in Throwing
 10780 | D:7      | Reached skill level 9 in Armour
 10992 | D:7      | Found a staircase to the Ecumenical Temple.
 11055 | Temple   | Entered the Ecumenical Temple
 11308 | Temple   | Became a worshipper of Warmaster Okawaru
 11409 | D:10     | Entered Level 10 of the Dungeon
 11655 | D:10     | Reached * piety under Okawaru
 11663 | D:10     | HP: 21/99 [centaur/arrow (5)]
 11664 | D:10     | Reached XP level 11. HP: 20/105 MP: 3/10
 12289 | D:10     | Identified the +8 dagger "Yjios" {protect, Contam Int+3
                  | Dex+2}
 12317 | D:10     | Reached skill level 10 in Maces & Flails
 12487 | D:10     | You pick up a book of Alchemy and begin reading...
 12487 | D:10     | You add the spells Sublimation of Blood, Petrify and
                  | Irradiate to your library.
 12546 | D:10     | Found a staircase to the Lair.
 12572 | D:10     | Reached ** piety under Okawaru
 12630 | D:10     | Reached skill level 13 in Fighting
 12870 | D:10     | Reached skill level 6 in Throwing
 13399 | D:10     | Identified a scroll of acquirement
 13407 | D:10     | Acquired the amulet of Milue {Reflect *Slow Regen+ Str+3
                  | Int+2 SH+5}
 13580 | D:11     | Paralysed by a hornet for 3 turns
 13884 | D:11     | Reached skill level 10 in Armour
 13907 | D:11     | Reached *** piety under Okawaru
 13984 | D:11     | Noticed a boulder beetle
 14014 | D:11     | Killed a boulder beetle
 14015 | D:11     | Reached skill level 11 in Maces & Flails
 14559 | D:12     | You pick up a book of Conjurations {@e2} and begin
                  | reading...
 14559 | D:12     | You add the spells Magic Dart, Searing Ray and Fulminant
                  | Prism to your library.
 14821 | D:12     | Noticed Fannar
 14884 | D:12     | Killed Fannar
 14887 | D:12     | Reached **** piety under Okawaru
 14889 | D:12     | HP: 27/108 [vampire mosquito (1)]
 14893 | D:12     | Received a gift from Okawaru
 14894 | D:12     | Reached skill level 14 in Fighting
 15132 | D:12     | Reached XP level 12. HP: 79/117 MP: 11/11
 15230 | D:12     | Reached skill level 12 in Maces & Flails
 15269 | D:12     | Noticed a boulder beetle
 15270 | D:12     | Found a staircase to the Orcish Mines.
 15335 | D:12     | Mangled by a boulder beetle

Vanquished Creatures
  A boulder beetle (D:11)
  Fannar (D:12)
  A hydra (D:7)
  Erica (D:9)
  A deep elf zephyrmancer (D:9)
  A manticore (D:12)
  3 trolls
  2 hornets
  Prince Ribbit (D:6)
  Grinder (D:3)
  2 shadows
  A wraith (D:9)
  13 yaks (D:10)
  A vampire (D:11)
  2 wyverns (D:10)
  A steam dragon (D:6)
  A basilisk (D:10)
  17 vampire mosquitoes
  2 acid dragons (D:9)
  3 water moccasins
  11 orc warriors
  3 ice beasts
  4 black bears
  3 necrophages
  2 ogres
  5 centaurs
  A phantom (D:5)
  3 wolves (D:10)
  3 bullfrogs
  Blork the orc (D:4)
  A gnoll sergeant (D:10)
  6 scorpions
  A wyvern skeleton (D:6)
  3 killer bees (D:9)
  4 wights (D:8)
  3 electric eels (D:8)
  7 crimson imps (D:7)
  A bullfrog zombie (D:6)
  3 centaur zombies
  3 hounds
  10 orc priests
  3 jellies
  Jessica (D:2)
  A gnoll shaman (D:7)
  2 iguanas
  Natasha (thrice) (D:2)
  5 orc wizards
  2 killer bee zombies (D:8)
  3 hound skeletons
  A mummy (D:5)
  Robin (D:2)
  12 gnolls
  A howler monkey skeleton (D:7)
  8 adders
  A shadow imp (D:7)
  2 white imps (D:7)
  3 worms
  4 dart slugs
  69 orcs
  4 bats
  6 endoplasms
  5 giant cockroaches
  11 goblins
  3 hobgoblins
  2 jackals (D:5)
  3 kobolds (D:3)
  3 quokkas
  3 ball pythons
  6 rats
302 creatures vanquished.

Vanquished Creatures (others)
  49 plants
49 creatures vanquished.

Grand Total: 351 creatures vanquished

Table legend:
 A = Non-vault XP
 B = Vault XP
 C = Vault XP percentage of total XP
 D = Non-vault monster count
 E = Vault monster count
 F = Vault count percentage of total count
                 A         B        C        D         E       F
            +---------+---------+-------+---------+---------+-------
      Total |   15504 |    7443 |  32.4 |     201 |     101 |  33.4
            +---------+---------+-------+---------+---------+-------
        D:1 |       5 |       0 |   0.0 |       3 |       0 |   0.0
        D:2 |     130 |     116 |  47.2 |      17 |      15 |  46.9
        D:3 |     106 |     291 |  73.3 |      16 |      11 |  40.7
        D:4 |     254 |      87 |  25.5 |      11 |       1 |   8.3
        D:5 |     552 |      26 |   4.5 |      16 |       3 |  15.8
        D:6 |    1687 |     357 |  17.5 |      26 |       2 |   7.1
        D:7 |    1500 |     336 |  18.3 |      22 |       9 |  29.0
        D:8 |     759 |     232 |  23.4 |      21 |      22 |  51.2
        D:9 |    1278 |    1424 |  52.7 |      14 |       2 |  12.5
       D:10 |    4181 |    1657 |  28.4 |      26 |      12 |  31.6
       D:11 |    1765 |     871 |  33.0 |      10 |       1 |   9.1
       D:12 |    3287 |    2046 |  38.4 |      19 |      23 |  54.8
            +---------+---------+-------+---------+---------+-------

Illustrated notes

Table legend:
 A = Kills in this place as a percentage of kills in entire the game.
 B = Kills by you in this place as a percentage of kills by you in the entire game.
 C = Kills by friends in this place as a percentage of kills by friends in the entire game.
 D = Other kills in this place as a percentage of other kills in the entire game.
 E = Experience gained in this place as a percentage of experience gained in the entire game.
 F = Experience gained in this place divided by the number of levels of this place that you have seen.
                   A       B       C       D       E      F
               +-------+-------+-------+-------+-------+----------------------
         Total | 100.0 | 100.0 |   N/A |   N/A | 100.0 | 1765.2
       Dungeon | 100.0 | 100.0 |   N/A |   N/A | 100.0 | 1912.2
               +-------+-------+-------+-------+-------+----------------------

Table legend: (Time is in decaauts)
 A = Elapsed time spent in this place.
 B = Non-inter-level travel time spent in this place.
 C = Inter-level travel time spent in this place.
 D = Time resting spent in this place.
 E = Time spent auto-exploring this place.
 F = Levels seen in this place.
 G = Mean time per level.
                   A        B        C        D        E       F      G
               +--------+--------+--------+--------+--------+-----+--------+
         Total |  15380 |  15069 |    311 |   2070 |   9976 |  13 | 1183.1 |
       Dungeon |  15096 |  14785 |    311 |   2070 |   9786 |  12 | 1258.0 |
        Temple |    283 |    283 |      0 |      0 |    190 |   1 |  283.0 |
               +--------+--------+--------+--------+--------+-----+--------+

Top non-repeatable levels by time:
     D:8: 1746 daAuts
     D:9: 1743 daAuts
    D:10: 1677 daAuts
     D:2: 1656 daAuts
     D:6: 1615 daAuts
     D:3: 1241 daAuts
     D:5: 1145 daAuts
    D:11: 1068 daAuts
     D:7: 1066 daAuts
    D:12: 792 daAuts
     D:1: 737 daAuts
     D:4: 606 daAuts
  Temple: 283 daAuts
